 Dungeon Crawl Stone Soup version 0.24-a0-164-g56e1b8f (webtiles) character file.

Game seed: 14916005778585329317

75810 Lanoc the Fencer (level 15, -8/109 HPs)
             Began as an Octopode Berserker on Mar 6, 2019.
             Was the Champion of Trog.
             Mangled by a death yak (11 damage)
             ... while petrified by you
             ... on level 4 of the Lair of Beasts on Mar 7, 2019.
             The game lasted 00:54:22 (21454 turns).

Lanoc the Fencer (Octopode Berserker)              Turns: 21454, Time: 00:54:23

Health: -8/109     AC:  6    Str: 24    XL:     15   Next: 51%
Magic:  20/20      EV:  2    Int:  9    God:    Trog [******]
Gold:   1945       SH:  0    Dex: 23    Spells: 14/14 levels left

rFire    + + +     SeeInvis .   W - +10 zealot's sword {holy, *Rage rN+ EV+3}
rCold    . . .     Gourm    .   p - +1 shield {rPois}
rNeg     + + +     Faith    .   k - +1 hat "Kouvob" {rN+ Dex+6}
rPois    ∞         Spirit   .   y - amulet of regeneration
rElec    .         Reflect  .   c - ring of protection from magic
rCorr    .         Harm     .   v - ring of protection from fire
MR       +++..     Rnd*Rage +   z - +6 ring of strength
Stlth    +++++++++.             B - ring of protection from fire
HPRegen  0.68/turn              S - ring of Oniexolo {rN+ MR+}
MPRegen  0.17/turn              J - ring "Ellan" {rF+ AC+4}
                                U - +6 ring of slaying
                                K - ring of stealth

@: petrified
A: almost no armour, stealthy swim, amphibious, 8 rings, constrict 8, camouflage
1, gelatinous body 1
a: Berserk, Trog's Hand, Brothers in Arms, Renounce Religion


You were on level 4 of the Lair of Beasts.
You worshipped Trog.
Trog was exalted by your worship.
You were not hungry.

You visited 3 branches of the dungeon, and saw 21 of its levels.
You also visited: Gauntlet.

You collected 2309 gold pieces.
You spent 364 gold pieces at shops.

Inventory:

Hand Weapons
 D - a +8 scimitar of flaming
 L - the +8 frozen axe "Frostbite" {freezing cloud, *Noise +Fly rC+}
   (Trog gifted it to you on level 11 of the Dungeon)

   It has been specially enchanted to freeze those struck by it, causing extra
   injury to most foes and up to half again as much damage against particularly
   susceptible opponents.
   It can also slow down cold-blooded creatures.
   It protects you from cold.
   It lets you fly.
   It may make noises in combat.
 Q - a +6 double sword of draining
 W - the +10 zealot's sword (weapon) {holy, *Rage rN+ EV+3}
   (You found it in a Gauntlet)

   It has been blessed by the Shining One to cause great damage to the undead
   and demons.
   It affects your evasion (+3).
   It protects you from negative energy.
   It may make you go berserk in combat.
Armour
 k - the +1 hat "Kouvob" (worn) {rN+ Dex+6}
   (You found it in a Gauntlet)

   It affects your dexterity (+6).
   It protects you from negative energy.
 p - a +1 shield of poison resistance (worn)
Jewellery
 c - a ring of protection from magic (left tentacle)
 v - a ring of protection from fire (right tentacle)
 y - an amulet of regeneration (around mantle)
 z - a +6 ring of strength (on tentacle)
 B - a ring of protection from fire (on tentacle)
 J - the ring "Ellan" (on tentacle) {rF+ AC+4}
   (You acquired it on level 13 of the Dungeon)

   [ring of protection]

   It affects your AC (+4).
   It protects you from fire.
 K - a ring of stealth (on tentacle)
 S - the ring of Oniexolo (on tentacle) {rN+ MR+}
   (You found it in a Gauntlet)

   [ring of protection from magic]

   It protects you from negative energy.
   It affects your resistance to hostile enchantments.
 U - a +6 ring of slaying (on tentacle)
Wands
 a - a wand of iceblast (10)
 w - a wand of acid (33)
 E - a wand of random effects (56)
 I - a wand of scattershot (5)
 M - a wand of flame (47)
 N - a wand of enslavement (6)
 P - a wand of clouds (4)
 T - a wand of disintegration (18)
 V - a wand of polymorph (12)
Scrolls
 d - 3 scrolls of immolation
 e - 8 scrolls of remove curse
 h - 3 scrolls of enchant armour
 i - a scroll of random uselessness {unknown}
 j - 7 scrolls of fear
 l - a scroll of magic mapping
 n - 2 scrolls of enchant weapon
 o - 2 scrolls of blinking
 t - 6 scrolls of teleportation
 G - a scroll of holy word
 Y - a scroll of fog
Potions
 f - 4 potions of curing
 g - a potion of resistance
 m - 3 potions of flight
 q - 2 potions of heal wounds
 r - a potion of invisibility
 u - a potion of lignification
 x - 2 potions of berserk rage
 A - 3 potions of haste
 C - 3 potions of agility
 H - 3 potions of cancellation
 O - 2 potions of might
Miscellaneous
 s - a fan of gales
 R - 2 boxes of beasts
 X - a lamp of fire
Comestibles
 b - 31 rations
 F - 16 chunks of flesh


   Skills:
 + Level 12.8 Fighting
 - Level 15.0 Long Blades
 + Level 12.8 Dodging
 - Level 15.0 Stealth
 + Level 5.9 Shields
 + Level 6.7 Evocations


You had 14 spell levels left.
You didn't know any spells.
Your spell library was empty.

Dungeon Overview and Level Annotations

Branches:
Dungeon (15/15)            Temple (0/1) D:4            Lair (4/6) D:11
 Shoals (0/4) Lair:3       Spider (0/4) Lair:3          Orc (2/2) D:9
    Elf (0/3) Orc:2        Vaults (0/5) D:13         Depths (0/5) D:15

Altars:
Ashenzari
Cheibriados
Elyvilon
Gozag
Nemelex Xobeh
Ru
Trog
Uskayaw
Vehumet
Wu Jian
Xom
Yredelemnul
Beogh

Shops:
D:6 (   D:9 }   Orc:2 *[(*

Annotations:
D:7 1 runed translucent door, arkorax's ghost, novice DEIE


Innate Abilities, Weirdness & Mutations

You cannot wear most types of armour.
You are very stealthy in the water. (Stealth+)
You are amphibious.
You can wear up to eight rings at the same time.
You can use your tentacles to constrict eight enemies at once.
Your skin changes colour to match your surroundings (Stealth+).
Your rubbery body absorbs attacks. (AC +1, EV +1)


Message History

A hippogriff comes into view.
The catoblepas gores you!
The yak stops moving altogether!
The catoblepas gores you! The death yak gores you!!
The hippogriff screeches!
The catoblepas gores you! The death yak barely misses you. The yak gores you.
The catoblepas gores you!! The death yak gores you!
* * * LOW HITPOINT WARNING * * *
The yak gores you.
* * * LOW HITPOINT WARNING * * *
The catoblepas gores you!!
* * * LOW HITPOINT WARNING * * *
The death yak gores you!
* * * LOW HITPOINT WARNING * * *
The yak gores you!
* * * LOW HITPOINT WARNING * * *
The catoblepas gores you!
* * * LOW HITPOINT WARNING * * *
The death yak gores you!!
You die...

#.............P...+.
#..
##...#........P.P♣♣
#..
#.>.#.....PP...♣♣♣
#..##.♣♣.P.....♣.♣
##..##.♣♣♣......P.♣
##.....♣♣.♣.P..PP.P♣.
#P.....♣♣....≈≈...P..
###.....♣♣P.Y≈≈≈.P..P
##.....♣♣..@≈H≈...P.
#.......PPYYY≈≈...P.
#...#...P..≈≈≈......
#...#.....P.≈≈..P...
#P.......P.P..PP..P.
#...+....P.....P.♣♣.
##..#......♣......♣
..##......♣%♣..♣♣♣ ..
P.


You could see a death yak, a catoblepas, a hippogriff and 2 yaks.

Vanquished Creatures
  Kirke (D:12)
  Gastronok (Lair:2)
  An orc warlord (Orc:2)
  A stone giant (Orc:2)
  Nessos (D:12)
  A minotaur (Gauntlet)
  An ettin (D:12)
  3 fire dragons
  Harold (D:8)
  5 hydras
  A catoblepas (D:15)
  A centaur warrior (D:14)
  10 two-headed ogres
  A death knight (D:12)
  The ghost of Arum the Blocker, a novice FoFi of the Shining One (D:8)
  Urug (Lair:2)
  An orc high priest (Orc:2)
  A queen ant (Gauntlet)
  Sonja (Orc:2)
  An unseen horror (D:14)
  A necromancer (D:13)
  15 ugly things
  4 orc knights
  An orb spider (Lair:3)
  A wolf spider (D:15)
  A deep elf mage (D:11)
  2 orc sorcerers (Orc:2)
  5 cyclopes
  2 manticores
  A salamander (D:15)
  A slime creature (D:15)
  A black mamba (Lair:2)
  7 spiny frogs
  A torpor snail (Gauntlet)
  2 gargoyles (D:13)
  6 centaur skeletons
  4 komodo dragons
  2 efreet
  A komodo dragon (shapeshifter) (D:13)
  A queen bee (shapeshifter) (D:15)
  11 trolls
  2 hornets
  A polar bear (shapeshifter) (D:13)
  9 hippogriffs
  A dream sheep (shapeshifter) (D:15)
  A shadow (D:11)
  4 spriggans
  A water elemental (D:12)
  3 wyverns
  A wraith (D:14)
  A vampire (D:15)
  The ghost of poirepourri the Chopper, an amateur MiFi (D:5)
  21 yaks
  2 hogs (D:12)
  4 small abominations (Gauntlet)
  A basilisk (shapeshifter) (D:11)
  Grum (D:9)
  2 hungry ghosts (D:11)
  A redback simulacrum (D:15)
  A steam dragon (D:8)
  A warg (Orc:1)
  5 soldier ants (Gauntlet)
  3 large abominations (Gauntlet)
  2 acid dragons
  6 porcupines
  3 water moccasins
  37 orc warriors
  4 sky beasts
  The ghost of XanderDroid the Chopper, an amateur MiBe of Trog (D:3)
  2 black bears (D:12)
  3 phantoms
  A necrophage (D:11)
  13 ogres
  11 wolves
  4 boggarts (D:14)
  12 centaurs
  5 big kobolds
  3 crocodiles
  16 bullfrogs
  2 gnoll sergeants
  A wyvern zombie (D:11)
  A water moccasin skeleton (D:6)
  5 scorpions
  12 killer bees
  22 wights
  5 electric eels (D:12)
  8 crimson imps
  A bullfrog zombie (D:7)
  6 centaur zombies
  5 bullfrog skeletons
  8 hounds
  6 jellies
  27 orc priests
  4 iguanas
  37 orc wizards
  11 worker ants
  A hound zombie (D:8)
  2 hound skeletons
  12 gnolls
  14 adders
  2 shadow imps
  An adder zombie (D:6)
  2 worms
  A dart slug (D:1)
  6 leopard geckos
  103 orcs
  A ball python (D:5)
  5 bats
  5 giant cockroaches
  6 goblins
  6 hobgoblins
  7 jackals
  6 quokkas
  4 frilled lizards
  A jackal zombie (D:7)
  28 kobolds
  8 rats
677 creatures vanquished.

Vanquished Creatures (collateral kills)
  A centaur warrior (D:11)
  A gargoyle (D:11)
  A troll (D:11)
  An acid dragon (D:11)
4 creatures vanquished.

Vanquished Creatures (others)
  A human (D:12)
  3 fungi (Lair:4)
  A plant (Lair:4)
5 creatures vanquished.

Grand Total: 686 creatures vanquished

Notes
Turn   | Place    | Note
-------+----------+-------------------------------------------
     0 | D:1      | Lanoc the Octopode Berserker began the quest for the Orb.
     0 | D:1      | Reached XP level 1. HP: 16/16 MP: 1/1
   108 | D:1      | Reached XP level 2. HP: 12/21 MP: 2/2
   163 | D:1      | Reached skill level 1 in Stealth
   758 | D:2      | Reached XP level 3. HP: 26/26 MP: 3/3
   843 | D:2      | Reached ** piety under Trog
  1153 | D:2      | Found a basalt altar of Yredelemnul.
  1158 | D:2      | Found a bloodstained altar of Trog.
  1251 | D:2      | Reached XP level 4. HP: 24/31 MP: 4/4
  1469 | D:3      | Reached skill level 1 in Shields
  1711 | D:3      | Found a hide-covered altar of Uskayaw.
  1774 | D:3      | Found a shattered altar of Ashenzari.
  2042 | D:3      | Found a runed translucent door.
  2044 | D:3      | Noticed XanderDroid's ghost (amateur MiBe)
  2058 | D:3      | Killed XanderDroid's ghost
  2058 | D:3      | Reached XP level 5. HP: 37/37 MP: 5/5
  2291 | D:4      | Reached XP level 6. HP: 43/43 MP: 6/6
  2440 | D:4      | Reached *** piety under Trog
  2466 | D:4      | Found a staircase to the Ecumenical Temple.
  2475 | D:4      | You fall through a shaft!
  2475 | D:5      | Entered Level 5 of the Dungeon
  2483 | D:5      | Reached skill level 5 in Long Blades
  2862 | D:5      | Noticed an orc warrior
  2866 | D:5      | Reached XP level 7. HP: 44/48 MP: 7/7
  3365 | D:5      | Found a runed translucent door.
  3369 | D:5      | Noticed poirepourri's ghost (amateur MiFi)
  3391 | D:5      | Identified the +2 short sword of Quafas {drain, rPois rN+
                  | Dex+3}
  3403 | D:5      | Reached XP level 8. HP: 40/54 MP: 8/8
  3476 | D:5      | Reached skill level 5 in Stealth
  3490 | D:5      | Killed poirepourri's ghost
  3703 | D:6      | Found Goret's Antique Weapon Shop.
  4117 | D:6      | Found an ornate altar of the Wu Jian Council.
  4170 | D:6      | Reached **** piety under Trog
  4170 | D:6      | Reached skill level 5 in Dodging
  4171 | D:6      | Reached skill level 5 in Fighting
  4232 | D:6      | Found a white marble altar of Elyvilon.
  4556 | D:7      | Found a runed translucent door.
  4556 | D:7      | Found a shimmering altar of Xom.
  4556 | D:7      | Noticed arkorax's ghost (novice DEIE)
  4560 | D:7      | Noticed a +0 falchion of chaos
  4590 | D:7      | Reached XP level 9. HP: 61/61 MP: 9/9
  5109 | D:7      | Found a sacrificial altar of Ru.
  5174 | D:8      | Noticed Harold
  5188 | D:8      | Killed Harold
  5542 | D:8      | Found a runed translucent gate.
  5543 | D:8      | Found a runed translucent gate.
  5544 | D:8      | Found a runed translucent gate.
  5544 | D:8      | Noticed Arum's ghost (novice FoFi)
  5558 | D:8      | Killed Arum's ghost
  5558 | D:8      | Reached ***** piety under Trog
  5558 | D:8      | Reached XP level 10. HP: 69/69 MP: 10/10
  5695 | D:8      | Found a sparkling altar of Nemelex Xobeh.
  5722 | D:8      | Noticed a two-headed ogre
  5729 | D:8      | Killed a two-headed ogre
  6226 | D:8      | Found a snail-covered altar of Cheibriados.
  6434 | D:9      | Found a radiant altar of Vehumet.
  6436 | D:9      | Found an opulent altar of Gozag.
  6489 | D:9      | Noticed Grum
  6500 | D:9      | Killed Grum
  6500 | D:9      | Reached skill level 10 in Long Blades
  6972 | D:9      | Got a smoking falchion
  6973 | D:9      | Identified the +7 falchion of Herghent {speed, rF+ Str+2
                  | Dex-4} (You found it on level 9 of the Dungeon)
  6999 | D:9      | Found a shimmering altar of Xom.
  7019 | D:9      | Found Qebyomeys's Gadget Shoppe.
  7039 | D:9      | Found a sacrificial altar of Ru.
  7443 | D:9      | Reached XP level 11. HP: 76/76 MP: 11/11
  7447 | D:9      | Found a staircase to the Orcish Mines.
  7452 | D:9      | Reached skill level 10 in Stealth
  7529 | D:9      | Found a roughly hewn altar of Beogh.
  7645 | D:10     | Entered Level 10 of the Dungeon
  7649 | D:10     | Received a gift from Trog
  7734 | D:10     | Noticed a two-headed ogre
  7859 | D:10     | Killed a two-headed ogre
  8311 | D:11     | Noticed a two-headed ogre
  8352 | D:11     | Killed a two-headed ogre
  8407 | D:11     | Found a staircase to the Lair.
  8477 | D:11     | Noticed a cyan ugly thing
  8478 | D:11     | Noticed a brown ugly thing
  8488 | D:11     | Killed a cyan ugly thing
  8493 | D:11     | Killed a brown ugly thing
  8497 | D:11     | Noticed a centaur warrior
  8510 | D:11     | Killed a centaur warrior
  8814 | D:11     | Noticed a deep elf mage
  8820 | D:11     | Killed a deep elf mage
  8820 | D:11     | Reached XP level 12. HP: 84/84 MP: 12/12
  8874 | D:11     | Noticed a two-headed ogre
  8884 | D:11     | Killed a two-headed ogre
  9498 | D:11     | Reached ****** piety under Trog
  9840 | D:11     | Received a gift from Trog
  9841 | D:11     | Found the +8 frozen axe "Frostbite" {freezing cloud, *Noise
                  | +Fly rC+}
  9874 | D:11     | Noticed a two-headed ogre
  9885 | D:11     | Killed a two-headed ogre
 10299 | D:11     | Got a jewelled morningstar
 10300 | D:11     | Identified the +10 morningstar of Gokhurgh {flame, rF+}
                  | (You found it on level 11 of the Dungeon)
 10343 | D:12     | Noticed a two-headed ogre
 10547 | D:12     | Killed a two-headed ogre
 10598 | D:12     | Noticed Kirke
 10619 | D:12     | Killed Kirke
 10751 | D:12     | Noticed a death knight
 10830 | D:12     | Killed a death knight
 10881 | D:12     | Noticed Nessos
 10889 | D:12     | Killed Nessos
 10889 | D:12     | Reached skill level 10 in Fighting
 10889 | D:12     | Reached skill level 10 in Dodging
 10889 | D:12     | Reached XP level 13. HP: 84/92 MP: 13/13
 13288 | D:13     | Identified a scroll of acquirement
 13296 | D:13     | Got a wavering granite ring
 13298 | D:13     | Identified the ring "Ellan" {rF+ AC+4} (You acquired it on
                  | level 13 of the Dungeon)
 13340 | D:13     | Noticed an ettin
 13372 | D:12     | Killed an ettin
 13703 | D:13     | Received a gift from Trog
 13978 | D:13     | Found a gate to the Vaults.
 14122 | D:14     | Found a gate leading to a gauntlet.
 14128 | Gauntlet | Entered a Gauntlet
 14128 | Gauntlet | Found a transporter.
 14128 | Gauntlet | Found a runed translucent door.
 14128 | Gauntlet | Found a transporter.
 14140 | Gauntlet | Found a transporter.
 14144 | Gauntlet | Found a transporter.
 14152 | Gauntlet | Found a transporter.
 14156 | Gauntlet | Found a transporter.
 14164 | Gauntlet | Found a transporter.
 14184 | Gauntlet | Found a transporter.
 14205 | Gauntlet | Found a transporter.
 14206 | Gauntlet | Found a transporter.
 14217 | Gauntlet | Found a transporter.
 14218 | Gauntlet | Found a transporter.
 14222 | Gauntlet | Found a runed translucent door.
 14302 | Gauntlet | Got a scorched hat
 14311 | Gauntlet | Identified the +1 hat "Kouvob" {rN+ Dex+6} (You found it in
                  | a Gauntlet)
 14459 | Gauntlet | Got a clouded platinum ring
 14567 | Gauntlet | Identified the ring of Oniexolo {rN+ MR+} (You found it in
                  | a Gauntlet)
 14572 | Gauntlet | Noticed a minotaur
 14584 | Gauntlet | Killed a minotaur
 14591 | Gauntlet | Found the +10 zealot's sword {holy, *Rage rN+ EV+3}
 14747 | D:14     | Noticed a fire dragon
 14755 | D:14     | Killed a fire dragon
 14935 | D:14     | Reached XP level 14. HP: 99/99 MP: 14/14
 15478 | D:15     | Entered Level 15 of the Dungeon
 15573 | D:14     | Received a gift from Trog
 15627 | D:14     | Reached skill level 15 in Long Blades
 15825 | D:15     | Found a staircase to the Depths.
 15831 | D:15     | Reached skill level 15 in Stealth
 16194 | D:15     | Reached skill level 1 in Evocations
 16846 | Orc:1    | Entered Level 1 of the Orcish Mines
 16961 | Orc:2    | Entered Level 2 of the Orcish Mines
 17228 | Orc:2    | Noticed an orc warlord
 17271 | Orc:2    | Killed an orc warlord
 17362 | Orc:2    | Found a roughly hewn altar of Beogh.
 17369 | Orc:2    | Found Daybus's General Store.
 17439 | Orc:2    | Noticed a stone giant
 17458 | Orc:2    | Killed a stone giant
 17577 | Orc:2    | Found Sunyla's Antique Weapon Emporium.
 17578 | Orc:2    | Found a roughly hewn altar of Beogh.
 17591 | Orc:2    | Found Yxutus's Antique Armour Shoppe.
 17679 | Orc:2    | Found a roughly hewn altar of Beogh.
 17703 | Orc:2    | Found a staircase to the Elven Halls.
 17751 | Orc:2    | Noticed Sonja
 17758 | Orc:2    | Killed Sonja
 17758 | Orc:2    | Received a gift from Trog
 17767 | Orc:2    | Found a roughly hewn altar of Beogh.
 17769 | Orc:2    | Found Ului's General Store.
 18049 | Orc:2    | Found a roughly hewn altar of Beogh.
 18130 | Orc:2    | Found a roughly hewn altar of Beogh.
 18171 | Orc:2    | Bought a scroll of identify for 28 gold pieces
 18171 | Orc:2    | Bought a scroll of identify for 28 gold pieces
 18171 | Orc:2    | Bought a scroll of identify for 28 gold pieces
 18171 | Orc:2    | Bought a scroll of holy word for 105 gold pieces
 18254 | Orc:2    | Bought a +1 shield of poison resistance for 175 gold pieces
 18357 | Orc:1    | Reached XP level 15. HP: 107/108 MP: 18/18
 18503 | Orc:1    | Found a roughly hewn altar of Beogh.
 18679 | Lair:1   | Entered Level 1 of the Lair of Beasts
 18769 | Lair:1   | Reached skill level 5 in Evocations
 19481 | Lair:2   | Noticed Urug
 19492 | Lair:2   | Killed Urug
 19511 | Lair:2   | Noticed Gastronok
 19518 | Lair:2   | Killed Gastronok
 19518 | Lair:2   | Reached skill level 5 in Shields
 20227 | Lair:3   | Found a hole to the Spider Nest.
 20394 | Lair:3   | Found a staircase to the Shoals.
 20816 | Lair:3   | Received a gift from Trog
 20817 | Lair:3   | Got a crude trident {god gift}
 20820 | Lair:3   | Identified the +2 trident of Fear {venom, Fragile rPois MR+
                  | Stlth+} (Trog gifted it to you on level 3 of the Lair of
                  | Beasts)
 21454 | Lair:4   | HP: 3/109 [catoblepas (5)]
 21454 | Lair:4   | Mangled by a death yak

Levels and vault maps discovered:
D:1:      minmay_arrival_radiant_lines, layout_basic
D:2:      layout_loops_ring, grunt_temple_overflow_open, serial_forest,
          infiniplex_forest_clump_double, infiniplex_forest_straight_2,
          infiniplex_forest_clump_tiny, infiniplex_forest_straight_4,
          infiniplex_forest_clump_tiny, infiniplex_forest_corner_1, first_ration
D:3:      layout_basic, nicolae_ashenzari_panopticon, lemuel_doored_altar,
          ebering_ghost_inner_flame, kennysheep_potato
D:4:      layout_loops_ring, temple_statues, nicolae_ossuary_entry_catacombs
D:5:      layout_basic, ebering_ghost_sewer_d, nrook_mini_vaults
D:6:      layout_loops_ring, lemuel_crystal_altar, serial_shops,
          nicolae_shop_stone, basic_altar
D:7:      layout_rooms, lemuel_round_altar, ebering_ghost_xom, the_bakery
D:8:      layout_basic, marbit_many_paths, nemelex_altar_shiori,
          ebering_ghost_rock_garden, uniq_harold
D:9:      layout_gridville, chequers_temple_overflow_statue_of_worship,
          minmay_orc_entry_temple_small, serial_shops, shop_statue, basic_altar,
          nicolae_ru_great_annihilating_truth, uniq_grum
D:10:     layout_roguey
D:11:     hangedman_cross_cluster, layout_loops_ring, roderic_roman_lattice
D:12:     layout_basic, uniq_nessos, uniq_kirke
D:13:     layout_rooms, david_vaults_4
D:14:     layout_cave_pods, gauntlet_entry_generic, minmay_fountain_box,
          nrook_mini_backslash
D:15:     hangedman_depths_entry_try_elsewhere_first, layout_cave_pods,
          minmay_misc_feat_ornament
Lair:1:   layout_cave_pods
Lair:2:   dragon1_lemuel, layout_regular_city, uniq_urug, uniq_gastronok
Lair:3:   layout_layer_cave, minmay_shoals_entry_beasts,
          nicolae_spider_entry_orb_guardian, wad_woods_02
Lair:4:   layout_regular_city, nicolae_lair_yak_garden
Orc:1:    layout_diamond_mine, basic_altar
Orc:2:    grunt_orc_community_town_hall, layout_caves,
          grunt_orc_community_big_house_2, grunt_orc_community_big_house_1,
          grunt_orc_community_house_2, grunt_orc_community_house_2,
          grunt_orc_community_house_3, grunt_orc_community_house_3, uniq_sonja
Gauntlet: minmay_gauntlet_77_indecision
          [minmay_gauntlet_arena_77_terracotta_army,
          minmay_gauntlet_arena_77_cramped,
          minmay_gauntlet_arena_77_hold_the_fort,
          minmay_gauntlet_arena_77_mirror, minmay_gauntlet_arena_77_mess,
          minmay_gauntlet_arena_77_fan, gauntlet_exit_green]

Skill      XL: |  1  2  3  4  5  6  7  8  9 10 11 12 13 14 15 |
---------------+----------------------------------------------+-----
Stealth        | 1 2 3 4 6 8 9 11 13 14 15 | 15.0
Shields        | 1 2 3 4 5 |  5.9
Long Blades    | 4 5 7 9 10 11 13 14 15 | 15.0
Dodging        | 4 5 6 7 8 10 11 12 | 12.8
Fighting       | 4 5 6 7 8 10 12 | 12.8
Evocations     | 4 6 |  6.7

Action                   |  1- 3 |  4- 6 |  7- 9 | 10-12 | 13-15 || total
-------------------------+-------+-------+-------+-------+-------++-------
Melee: Falchion          |    49 |    87 |    83 |   368 |   245 ||   832
       Constrict         |    15 |    29 |    37 |    81 |   114 ||   276
       Tentacles         |     7 |    25 |    57 |   142 |   229 ||   460
       Long sword        |       |       |   107 |    68 |       ||   175
       Short sword       |       |       |     1 |     1 |       ||     2
       Eudemon blade     |       |       |       |       |   431 ||   431
       Scimitar          |       |       |       |       |    18 ||    18
Invok: Berserk           |       |     4 |     6 |    12 |     8 ||    30
       Trog's Hand       |       |       |       |     1 |     2 ||     3
       Brothers in Arms  |       |       |       |     1 |       ||     1
  Use: Scroll            |       |     5 |     2 |     9 |    15 ||    31
       Potion            |       |       |       |       |     1 ||     1
 Stab: Sleeping          |     6 |     7 |    20 |    32 |    60 ||   125
       Distracted        |       |       |       |     2 |     3 ||     5
  Eat: Chunk             |       |    10 |    13 |    28 |    32 ||    83
       Ration            |       |       |       |     1 |     3 ||     4
Armor: Skin              |     4 |     4 |     3 |     2 |    27 ||    40
Dodge: Dodged            |    27 |    34 |    75 |   166 |   328 ||   630
Block: Buckler           |     9 |    26 |    45 |   121 |   107 ||   308
       Shield            |       |       |       |       |    69 ||    69
       Rpst.: Falchion   |     7 |     9 |     9 |    42 |    11 ||    78
       Long sword        |       |       |    13 |    16 |       ||    29
       Eudemon blade     |       |       |       |       |    41 ||    41
       Scimitar          |       |       |       |       |     2 ||     2

Table legend:
 A = Non-vault XP
 B = Vault XP
 C = Vault XP percentage of total XP
 D = Non-vault monster count
 E = Vault monster count
 F = Vault count percentage of total count
                 A         B        C        D         E       F
            +---------+---------+-------+---------+---------+-------
      Total |   70543 |   37757 |  34.9 |     513 |     168 |  24.7
            +---------+---------+-------+---------+---------+-------
        D:1 |      27 |       0 |   0.0 |      16 |       0 |   0.0
        D:2 |      67 |       0 |   0.0 |      18 |       0 |   0.0
        D:3 |      75 |     135 |  64.3 |      17 |       4 |  19.0
        D:4 |     203 |       0 |   0.0 |      10 |       0 |   0.0
        D:5 |     773 |     297 |  27.8 |      28 |       3 |   9.7
        D:6 |     510 |       0 |   0.0 |      17 |       0 |   0.0
        D:7 |     703 |     220 |  23.8 |      19 |       1 |   5.0
        D:8 |    2054 |    1943 |  48.6 |      31 |       3 |   8.8
        D:9 |    2207 |     806 |  26.8 |      44 |      16 |  26.7
       D:10 |    1918 |       0 |   0.0 |      25 |       0 |   0.0
       D:11 |    6942 |    6615 |  48.8 |      35 |      28 |  44.4
       D:12 |    7706 |    5099 |  39.8 |      47 |       5 |   9.6
       D:13 |    4656 |    1966 |  29.7 |      24 |       3 |  11.1
       D:14 |   12044 |       0 |   0.0 |      29 |       0 |   0.0
       D:15 |    7183 |    1867 |  20.6 |      24 |       4 |  14.3
     Lair:1 |    2382 |       0 |   0.0 |      12 |       0 |   0.0
     Lair:2 |    2339 |    3965 |  62.9 |      11 |       3 |  21.4
     Lair:3 |    3582 |    2336 |  39.5 |      13 |       7 |  35.0
     Lair:4 |    6502 |     202 |   3.0 |      19 |       1 |   5.0
      Orc:1 |    2232 |     272 |  10.9 |      19 |       4 |  17.4
      Orc:2 |    6438 |    6786 |  51.3 |      55 |      67 |  54.9
   Gauntlet |       0 |    5248 | 100.0 |       0 |      19 | 100.0
            +---------+---------+-------+---------+---------+-------
